 Dungeon Crawl Stone Soup version 0.27.0-1-g7a089689b8 (webtiles) character file.

Game seed: 4119348171042292536

141 leastbad the Vexing (level 5, -4/40 HPs)
             Began as a Gnoll Arcane Marksman on Aug 17, 2021.
             Succumbed to an orc's poison
             ... on level 4 of the Dungeon.
             The game lasted 00:27:00 (2004 turns).

leastbad the Vexing (Gnoll Arcane Marksman)         Turns: 2004, Time: 00:27:00

Health: -4/40      AC:  8    Str: 11    XL:     5   Next: 24%
Magic:  9/9        EV:  5    Int: 12    God:
Gold:   86         SH:  0    Dex: 12    Spells: 9/10 levels left

rFire    . . .     SeeInvis .   a - +0 shortbow
rCold    . . .     Faith    .   (shield currently unavailable)
rNeg     . . .     Spirit   .   u - +0 chain mail
rPois    .         Reflect  .   (no helmet)
rElec    .         Harm     .   (no cloak)
rCorr    .         Rampage  .   (no gloves)
Will     .....                  (no boots)
Stlth    ..........             (no amulet)
HPRegen  0.13/turn              (no ring)
MPRegen  0.11/turn              (no ring)

@: lethally poisoned (-4 -> -26)
A: fangs 1, strong nose, distributed training
a: no special abilities


You were on level 4 of the Dungeon.
You visited 1 branch of the dungeon, and saw 4 of its levels.

You collected 86 gold pieces.

Inventory:

Hand Weapons
 a - a +0 shortbow (weapon)
 e - a +0 club
 j - a +0 hand axe
 k - a +0 club
 l - a +0 club
 o - a +0 rapier
 p - a +0 dagger
 q - a +0 dagger
 r - a +2 dagger of speed
 s - a +0 hunting sling
 w - a +0 club
Missiles
 c - 20 arrows (quivered ammo)
Armour
 d - a +0 robe
 t - a +0 cloak
 u - a +0 chain mail (worn)
 v - a +0 pair of gloves
Scrolls
 b - a scroll of enchant armour {unknown}
 g - 2 scrolls of noise {unknown}
 i - 2 scrolls of enchant weapon {unknown}
 n - 2 scrolls of identify {unknown}
 x - a scroll of blinking {unknown}
 y - 2 scrolls of immolation {unknown}
Potions
 f - a potion of resistance {unknown}
 h - 2 potions of flight {unknown}
 m - 3 potions of curing {unknown}
 z - a potion of haste {unknown}


   Skills:
 + Level 2.9 Fighting
 + Level 1.4 Short Blades
 + Level 1.4 Long Blades
 + Level 1.4 Axes
 + Level 1.4 Maces & Flails
 + Level 1.4 Polearms
 + Level 1.4 Staves
 + Level 1.4 Slings
 + Level 4.7 Bows
 + Level 1.4 Crossbows
 + Level 1.4 Throwing
 + Level 1.4 Armour
 + Level 4.7 Dodging
 + Level 1.4 Stealth
 + Level 1.4 Shields
 + Level 1.4 Unarmed Combat
 + Level 3.1 Spellcasting
 + Level 1.1 Conjurations
 + Level 5.5 Hexes
 + Level 1.1 Summonings
 + Level 1.1 Necromancy
 + Level 1.1 Translocations
 + Level 1.1 Transmutations
 + Level 1.1 Fire Magic
 + Level 1.1 Ice Magic
 + Level 1.1 Air Magic
 + Level 1.1 Earth Magic
 + Level 1.1 Poison Magic
 + Level 1.6 Invocations
 + Level 1.4 Evocations


You had 9 spell levels left.
You knew the following spells:

 Your Spells              Type           Power      Damage    Failure   Level
a - Corona                Hex            16%        N/A       80%         1

Your spell library contained the following spells:

 Spells                   Type           Power      Damage    Failure   Level
 Slow                     Hex            15%        N/A       91%         2
 Animate Skeleton         Necr           8%         N/A       100%        1
 Pain                     Necr           16%        1d4       100%        1
 Sting                    Tmut/Pois      16%        1d3       100%        1
 Poisonous Vapours        Pois/Air       8%         N/A       100%        2
 Inner Flame              Hex/Fire       9%         N/A       100%        3
 Portal Projectile        Hex/Tloc       18%        N/A       100%        3
 Vampiric Draining        Necr           2%         2d6       100%        3
 Cause Fear               Hex            7%         N/A       100%        4
 Olgreb's Toxic Radiance  Pois           4%         N/A       100%        4


Dungeon Overview and Level Annotations

Branches:
Dungeon (4/15)
 Temple: D:4-7

Altars:
Fedhas
Xom
Zin


Innate Abilities, Weirdness & Mutations

You have very sharp teeth.
Your uncanny sense of smell can sniff out nearby items.
Your experience applies equally to all skills.


Message History

Fire: 24 arrows
Press: ? - help, Q - select action, (/) - cycle Shift-Dir - straight line, f/p - orc priest
Aim: an orc priest, wielding a +0 mace (moderately wounded, 57% to hit)
You shoot an arrow. The arrow hits the orc priest.
The orc priest is heavily wounded.
The orc barely misses you.
The orc priest mumbles some strange prayers to Beogh against you.
You barely resist.
Fire: 23 arrows
Press: ? - help, Q - select action, (/) - cycle Shift-Dir - straight line, f/p - orc priest
Aim: an orc priest, wielding a +0 mace (heavily wounded, 59% to hit)
You shoot an arrow. The arrow hits the orc priest.
The orc priest is severely wounded.
The orc hits you but does no damage.
You are poisoned.
The orc priest calls down the wrath of Beogh upon you.
Beogh smites you!
Fire: 22 arrows
Press: ? - help, Q - select action, (/) - cycle Shift-Dir - straight line, f/p - orc priest
Aim: an orc priest, wielding a +0 mace (severely wounded, 57% to hit)
You shoot an arrow. The arrow hits the orc priest.
You kill the orc priest!
You feel very sick. The orc hits you but does no damage.
You are lethally poisoned!
You have reached level 5!
Fire: 21 arrows
Press: ? - help, Q - select action, (/) - cycle Shift-Dir - straight line, f - orc
Aim: an orc, wielding a +1 dagger of venom (60% to hit)
You shoot an arrow. The arrow closely misses the orc.
* * * LOW HITPOINT WARNING * * *
You feel very sick. The orc hits you but does no damage.
You are more poisoned.
The orc warrior hits you from afar with a +0 trident!
* * * LOW HITPOINT WARNING * * *
The orc hits you but does no damage.
Really attack while wielding your +0 shortbow?
Okay, then.
You die...

##.#.#.#.#.#.# .....#
#.#.#.#.#.#.###....(.
##.#.#.#†#.#..#!...((
#.#.#.#.#.#.#.#......
##.#.#.#.#.#.........
#.#.#.#.#.#.#..oo....
##.#.#.#.#.#.........
#.#.#.#.#.#.#.o...(#
###.#.#.#.#.#@.o......
#..#.#.#.#.#.#........
#.#.#.#.#.#.#......#..
#.###.................
#.....................
#####.<.............##
#................
#...............#
##..>.....


You could see an orc warrior and 3 orcs.

Vanquished Creatures
  An orc priest (D:4)
  3 gnolls (D:3)
  2 adders
  A worm (D:3)
  2 dart slugs
  4 orcs (D:3)
  8 ball pythons
  7 bats
  4 endoplasms
  3 giant cockroaches
  7 goblins
  5 kobolds
  A quokka (D:1)
  3 frilled lizards
  4 rats
55 creatures vanquished.

Notes
Turn   | Place    | Note
-------+----------+-------------------------------------------
     0 | D:1      | leastbad the Gnoll Arcane Marksman began the quest for the
                  | Orb.
     0 | D:1      | Reached XP level 1. HP: 17/17 MP: 4/4
   113 | D:1      | Reached XP level 2. HP: 9/23 MP: 5/5
   623 | D:1      | Found a faded altar of an unknown god.
   760 | D:2      | Reached XP level 3. HP: 27/28 MP: 7/7
   890 | D:2      | Reached skill level 1 in Invocations
  1212 | D:2      | Reached skill level 1 in Short Blades
  1212 | D:2      | Reached skill level 1 in Long Blades
  1212 | D:2      | Reached skill level 1 in Axes
  1212 | D:2      | Reached skill level 1 in Maces & Flails
  1212 | D:2      | Reached skill level 1 in Polearms
  1212 | D:2      | Reached skill level 1 in Staves
  1212 | D:2      | Reached skill level 1 in Slings
  1212 | D:2      | Reached skill level 1 in Crossbows
  1212 | D:2      | Reached skill level 1 in Throwing
  1212 | D:2      | Reached skill level 1 in Armour
  1212 | D:2      | Reached skill level 1 in Stealth
  1212 | D:2      | Reached skill level 1 in Shields
  1212 | D:2      | Reached skill level 1 in Unarmed Combat
  1212 | D:2      | Reached skill level 1 in Evocations
  1280 | D:3      | Reached XP level 4. HP: 20/34 MP: 8/8
  1288 | D:3      | Found a shimmering altar of Xom.
  1537 | D:3      | Found a glowing silver altar of Zin.
  1753 | D:3      | Reached skill level 1 in Conjurations
  1753 | D:3      | Reached skill level 1 in Summonings
  1753 | D:3      | Reached skill level 1 in Necromancy
  1753 | D:3      | Reached skill level 1 in Translocations
  1753 | D:3      | Reached skill level 1 in Transmutations
  1753 | D:3      | Reached skill level 1 in Fire Magic
  1753 | D:3      | Reached skill level 1 in Ice Magic
  1753 | D:3      | Reached skill level 1 in Air Magic
  1753 | D:3      | Reached skill level 1 in Earth Magic
  1753 | D:3      | Reached skill level 1 in Poison Magic
  1764 | D:3      | Found a blossoming altar of Fedhas.
  1997 | D:4      | Noticed an orc warrior
  2003 | D:4      | Reached XP level 5. HP: 13/40 MP: 9/9
  2003 | D:4      | HP: 1/40 [orc warrior (8)]
  2004 | D:4      | Succumbed to an orc's poison

Illustrated notes

Levels and vault maps discovered:
D:1:      mainiacjoe_arrival_reflecting_pool, layout_basic,
          hellmonk_ecumenical_altar_arch_garden
D:2:      layout_basic
D:3:      layout_basic, mainiacjoe_overflow_small_starburst,
          mainiacjoe_overflow_tiny_flanked, old_standard_altar,
          portal_sewer_entry_e
D:4:      old_forge, layout_rooms, minmay_temple_entry_nine_rooms, serial_shops,
          shop, minivault_23, uniq_menkaure, uniq_edmund

Skill      XL: |  1  2  3  4 |
---------------+-------------+-----
Invocations    | 1 |  1.6
Short Blades   | 1 |  1.4
Long Blades    | 1 |  1.4
Axes           | 1 |  1.4
Maces & Flails | 1 |  1.4
Polearms       | 1 |  1.4
Staves         | 1 |  1.4
Slings         | 1 |  1.4
Crossbows      | 1 |  1.4
Throwing       | 1 |  1.4
Armour         | 1 |  1.4
Stealth        | 1 |  1.4
Shields        | 1 |  1.4
Unarmed Combat | 1 |  1.4
Evocations     | 1 |  1.4
Spellcasting   | 3 |  3.1
Conjurations   | 1 |  1.1
Summonings     | 1 |  1.1
Necromancy     | 1 |  1.1
Translocations | 1 |  1.1
Transmutations | 1 |  1.1
Fire Magic     | 1 |  1.1
Ice Magic      | 1 |  1.1
Air Magic      | 1 |  1.1
Earth Magic    | 1 |  1.1
Poison Magic   | 1 |  1.1
Fighting       | |  2.9
Bows           | |  4.7
Dodging        | |  4.7
Hexes          | |  5.5

Action                   |  1- 3 |  4- 6 || total
-------------------------+-------+-------++-------
Melee: Shortbow          |     1 |       ||     1
       Hand axe          |    16 |       ||    16
       Bite              |     2 |       ||     2
 Fire: Shortbow          |    97 |    66 ||   163
 Cast: Corona            |     1 |       ||     1
Armor: Robe              |    13 |       ||    13
       Chain mail        |     5 |    12 ||    17
Dodge: Dodged            |    41 |     9 ||    50
